Map: Mech Depot LE

Players

HEMORRHOIDS - Winner!

  • Race: Protoss Protoss
  • League: Diamond
  • Spawn Location: 1:00

AgentSmith

  • Race: Zerg Zerg
  • League: Master
  • Spawn Location: 7:00

VOD

Have the link to the VOD?

Description

Time

  • Played on: Oct. 1, 2017, 10:24 p.m.
  • Length: 17:53
Show
View Real Time Build Order
Export as new Build Order

HEMORRHOIDS Protoss - Winner!

Build Orders: Cannon Rush 

Get SALT Encoding   

  12  0:01  Probe (Chrono Boost)  
  13  0:11  Probe (Chrono Boost)  
  14  0:25  Pylon, Probe (Chrono Boost)  
  15  0:43  Probe (Chrono Boost)  
  15  0:46  Forge  
  16  0:54  Probe (Chrono Boost)  
  17  1:04  Probe (Chrono Boost)  
  18  1:14  Pylon  
  18  1:15  Pylon  
  18  1:17  Pylon  
  19  1:18  Probe (Chrono Boost)  
  19  1:33  Photon Cannon  
  19  1:35  Photon Cannon  
  19  1:42  Photon Cannon  
  19  1:45  Pylon  
  19  1:48  Probe (Chrono Boost)  
  19  1:53  Assimilator  
  20  1:57  Assimilator  
  20  1:59  Probe (Chrono Boost)  
  21  2:04  Photon Cannon  
  21  2:13  Probe (Chrono Boost)  
  22  2:23  Probe (Chrono Boost)  
  23  2:34  Probe (Chrono Boost)  
  24  2:40  Gateway  
  24  2:44  Probe (Chrono Boost)  
  24  2:46  Pylon  
  24  2:49  Nexus  
  25  2:55  Probe (Chrono Boost)  
  26  3:19  Nexus  
  26  3:33  Cybernetics Core  
  26  3:35  Pylon  
  28  3:45  Probe (Chrono Boost)  
  27  3:55  Photon Cannon  
  27  3:56  Probe (Chrono Boost)  
  28  4:06  Probe (Chrono Boost)  
  31  4:10  Mothership Core (Chrono Boost)  
  31  4:12  Stargate  
  31  4:14  Stargate  
  32  4:24  Probe (Chrono Boost)  
  32  4:28  Probe (Chrono Boost)  
  32  4:30  Pylon  
  33  4:33  Assimilator  
  33  4:35  Assimilator  
  33  5:04  Void Ray (Chrono Boost)  
  37  5:12  Void Ray (Chrono Boost)  
  41  5:26  Pylon  
  41  5:27  Photon Cannon  
  34  5:49  Void Ray (Chrono Boost)  
  42  5:50  Void Ray (Chrono Boost)  
  42  5:51  Pylon  
  42  5:58  Photon Cannon  
  42  6:27  Void Ray (Chrono Boost)  
  50  6:41  Pylon  
  50  6:42  Void Ray (Chrono Boost)  
  50  6:44  Pylon  
  50  7:37  Void Ray (Chrono Boost)  
  54  7:39  Void Ray (Chrono Boost)  
  55  8:31  Void Ray (Chrono Boost)  
  44  9:12  Void Ray (Chrono Boost)  
  52  9:18  Void Ray (Chrono Boost)  
  52  9:29  Pylon  
  52  9:32  Gateway  
  52  9:33  Gateway  
  52  9:36  Pylon  
  52  9:43  Forge  
  56  10:20  Oracle (Chrono Boost)  
  56  10:21  Zealot x2  
  62  10:25  Oracle (Chrono Boost)  
  62  10:48  Zealot x2  
  66  10:51  Oracle (Chrono Boost)  
  69  11:15  Zealot x2  
  69  11:17  Oracle (Chrono Boost)  
  76  11:30  Oracle (Chrono Boost)  
  76  11:32  Nexus  
  79  11:43  Cybernetics Core  
  79  12:38  Pylon  
  79  12:41  Pylon  
  79  12:44  Zealot x2, Oracle (Chrono Boost)  
  89  12:49  Oracle (Chrono Boost)  
  89  13:15  Oracle (Chrono Boost)  
  92  13:36  Zealot x2  
  92  13:40  Oracle (Chrono Boost), Probe  
  92  13:41  Probe  
  101  13:51  Probe  
  101  13:53  Probe  
  103  14:02  Probe  
  104  14:11  Photon Cannon  
  104  14:12  Probe  
  105  14:23  Probe  
  108  14:25  Oracle (Chrono Boost)  
  109  14:33  Probe  
  110  14:39  Twilight Council  
  110  15:05  Pylon  
  110  15:22  Probe  
  110  15:23  Zealot x2, Mothership Core  
  97  15:39  Oracle (Chrono Boost), Probe  
  104  15:43  Oracle (Chrono Boost)  
  104  15:44  Assimilator  
  104  15:45  Assimilator  
  104  15:49  Probe  
  104  15:56  Probe  
  106  16:00  Probe  
  107  16:08  Probe  
  108  16:15  Oracle (Chrono Boost)  
  108  16:17  Zealot x2, Probe  
  112  17:05  Zealot  
Show
View Real Time Build Order
Export as new Build Order

AgentSmith Zerg 

Build Orders: Hatch First, Roach Nydus 

Get SALT Encoding   

  12  0:01  Drone  
  13  0:13  Overlord  
  13  0:17  Drone  
  14  0:31  Drone x2  
  14  0:35  Drone  
  17  0:53  Hatchery  
  17  0:54  Drone  
  17  0:58  Drone  
  18  1:09  Extractor  
  17  1:13  Spawning Pool  
  17  1:16  Drone  
  17  1:19  Drone  
  18  1:28  Drone  
  19  1:39  Drone  
  20  1:57  Extractor  
  19  2:03  Drone x2  
  22  2:11  Queen, Roach Warren  
  22  2:12  Spine Crawler  
  22  2:16  Overlord  
  22  2:35  Drone x2  
  24  2:48  Lair  
  24  2:59  Drone x2  
  26  3:10  Overlord  
  26  3:24  Overlord x2  
  25  3:45  Queen  
  27  3:48  Roach  
  27  3:49  Roach x2, Nydus Network  
  32  3:58  Roach x3  
  38  4:05  Roach  
  40  4:20  Roach  
  40  4:36  Nydus Canal  
  40  4:38  Queen  
  40  4:39  Overlord  
  40  4:40  Roach x3  
  48  5:00  Spore Crawler  
  48  5:02  Spine Crawler  
  46  5:14  Nydus Canal  
  46  5:17  Roach x5  
  56  5:41  Ravager  
  54  5:51  Queen  
  54  5:52  Spore Crawler  
  54  5:53  Drone x5  
  60  5:59  Overseer  
  60  6:16  Overlord x2  
  60  6:26  Queen  
  60  6:31  Hydralisk Den  
  61  6:39  Ravager x3  
  60  6:59  Spore Crawler x2  
  58  7:17  Hatchery  
  57  7:28  Muscular Augments  
  57  7:29  Hydralisk  
  33  8:35  Drone  
  32  9:07  Hatchery  
  31  10:35  Hydralisk x2  
  33  10:41  Hydralisk  
  37  10:50  Spore Crawler  
  36  10:58  Hydralisk  
  38  11:04  Hydralisk  
  40  11:17  Lair  
  40  11:27  Spore Crawler  
  39  11:37  Nydus Canal  
  39  11:53  Spore Crawler, Drone x2  
  39  11:54  Drone  
  41  12:25  Infestation Pit  
  40  12:34  Hatchery  
  39  12:44  Spore Crawler  
  38  12:59  Nydus Canal  
  38  13:08  Burrow  
  38  13:20  Pathogen Glands  
  38  13:35  Infestor  
  40  13:53  Infestor  
  42  14:07  Hatchery  
  42  14:08  Extractor  
  40  14:19  Drone x3  
  43  14:26  Queen  
  43  15:07  Infestor  
  43  15:09  Overlord  
  43  15:10  Overlord  
  39  15:37  Infestor x3, Extractor  
  39  15:42  Infestor  
  40  15:55  Drone  
  33  16:46  Hydralisk Den, Drone x3  
Tags
 
Add a new tag
Caveats
  • Supply blocks, unpowered buildings, or Contaminate may cause inaccurate times.
  • Supply counts are checked every 10 seconds.